 Dungeon Crawl Stone Soup version 0.23-a0-705-g0e654d2 (webtiles) character file.

128 HungryMoth the Charmwright (level 5, 0/41 HPs)
             Began as a Merfolk Skald on Jan 14, 2019.
             Succumbed to an orc wizard's poison
             ... on level 3 of the Dungeon.
             The game lasted 00:12:25 (2861 turns).

HungryMoth the Charmwright (Merfolk Skald)          Turns: 2861, Time: 00:12:26

Health: 0/41       AC:  7    Str: 11    XL:     5   Next: 12%
Magic:  4/9        EV: 11    Int: 13    God:
Gold:   138        SH:  3    Dex: 14    Spells: 2/10 levels left

rFire    . . .     SeeInvis .   a - +0 spear
rCold    . . .     Gourm    .   e - +0 buckler
rNeg     . . .     Faith    .   l - +1 leather armour {rPois}
rPois    +         Spirit   .   u - +2 hat
rElec    .         Reflect  .   (no cloak)
rCorr    .         Harm     .   (no gloves)
MR       .....                  h - +0 pair of boots
Stlth    +.........             (no amulet)
HPRegen  0.13/turn              (no ring)
MPRegen  0.11/turn              (no ring)

@: lethally poisoned (0 -> -14)
A: change form in water, swift swim, stealthy swim
a: no special abilities


You were on level 3 of the Dungeon.
You were not hungry.

You visited 1 branch of the dungeon, and saw 4 of its levels.

You collected 138 gold pieces.

Inventory:

Hand Weapons
 a - a +0 spear (weapon)
 s - a +0 trident
Missiles
 i - 7 javelins (quivered)
 m - 5 tomahawks of returning
 t - 4 tomahawks
Armour
 b - a +0 leather armour
 e - a +0 buckler (worn)
 h - a +0 pair of boots (worn)
 l - a +1 leather armour of poison resistance (worn)
 u - a +2 hat (worn)
Jewellery
 r - an uncursed amulet of rage {unknown}
Scrolls
 c - a scroll of magic mapping
 g - a scroll of identify
 p - 2 scrolls of remove curse
 q - a scroll of fear
 v - 2 scrolls of teleportation
Potions
 f - a potion of brilliance
 n - a potion of might {unknown}
Comestibles
 d - 6 rations
 k - 9 chunks of flesh


   Skills:
 - Level 3.0 Fighting
 - Level 4.0 Polearms
 - Level 0.6 Armour
 - Level 2.6 Dodging
 * Level 3.2 Spellcasting
 + Level 4.5 Charms


You had 2 spell levels left.
You knew the following spells:

 Your Spells              Type           Power        Failure   Level  Hunger
a - Infusion              Chrm           ##..         8%          1    #......
b - Shroud of Golubria    Chrm/Tloc      #.........   30%         2    ##.....
c - Song of Slaying       Chrm           ##......     12%         2    ##.....
d - Regeneration          Chrm/Necr      #.........   52%         3    ###....

Your spell library contained the following spells:

 Spells                   Type           Power        Failure   Level  Hunger
 Magic Dart               Conj           #...         45%         1    #......
 Searing Ray              Conj           #.....       58%         2    ##.....
 Spectral Weapon          Hex/Chrm       #.......     52%         3    ###....
 Dazzling Spray           Conj/Hex       #.....       83%         3    ###....
 Force Lance              Conj/Tloc      #.......     99%         4    #####..
 Fulminant Prism          Conj/Hex       #.........   99%         4    #####..
 Iskenderun's Mystic Bla  Conj           #.......     99%         4    #####..


Dungeon Overview and Level Annotations

Branches:
Dungeon (4/15)
 Temple: D:4-7

Altars:
Cheibriados
Vehumet
Yredelemnul
The Shining One

Shops:
D:4 *


Message History

You feel sick.
An orc wizard appears from thin air!
Reactivating autopickup.
The orc wizard closely misses you.
You hit the orc wizard.
The orc wizard is almost dead.
* * * LOW HITPOINT WARNING * * *
You feel sick.
The orc wizard hits you but does no damage.
You are more poisoned.
You closely miss the orc wizard.
The orc wizard is almost dead.
* * * LOW HITPOINT WARNING * * *
You feel sick.
The orc wizard hits you but does no damage.
You hit the orc wizard but do no damage.
The orc wizard is almost dead.
* * * LOW HITPOINT WARNING * * *
You feel sick. The orc wizard barely misses you.
It was a potion of cancellation.
You feel magically purged.
You die...

.# #.######.# .#
#.#....#.############# .#
#.#.##.#.............#
.########.#.##.#############.#
..........#.##.....#.......#.#
###########.#####.##.##.#..#.#
...#......#.#......#.##.####.#
##.#.####.#.#.###..#.##......#
..............)o@>.#.#########
##.#.#.<..#.#.####.#.#
#.#.######.#.####.#.#
#.#...............#.#
##.#################.#
.................)...#
..#################### ..# ..#


You could see an orc wizard.

Vanquished Creatures
  An orc wizard (D:4)
  An ooze (D:1)
  3 worms
  2 dart slugs
  2 leopard geckos (D:2)
  15 orcs
  2 giant cockroaches
  8 goblins
  5 hobgoblins
  6 jackals
  2 quokkas
  A ball python (D:3)
  5 bats
  5 frilled lizards
  4 kobolds
  5 rats
67 creatures vanquished.

Notes
Turn   | Place    | Note
-------+----------+-------------------------------------------
     0 | D:1      | HungryMoth the Merfolk Skald began the quest for the Orb.
     0 | D:1      | Reached XP level 1. HP: 16/16 MP: 3/3
   273 | D:1      | Reached XP level 2. HP: 23/23 MP: 5/5
   280 | D:1      | Learned a level 2 spell: Shroud of Golubria
   283 | D:1      | Learned a level 2 spell: Song of Slaying
   675 | D:1      | Reached XP level 3. HP: 25/29 MP: 2/6
  1278 | D:2      | Found a radiant altar of Vehumet.
  1532 | D:3      | Reached XP level 4. HP: 21/35 MP: 3/7
  2632 | D:4      | Learned a level 3 spell: Regeneration
  2648 | D:4      | Found a glowing golden altar of the Shining One.
  2650 | D:4      | Found a snail-covered altar of Cheibriados.
  2721 | D:4      | Reached XP level 5. HP: 34/41 MP: 0/9
  2751 | D:4      | Found a basalt altar of Yredelemnul.
  2811 | D:4      | Found Teufuf's Assorted Antiques.
  2860 | D:3      | HP: 1/41 [poisoned by an orc wizard]
  2861 | D:3      | Succumbed to an orc wizard's poison

Vault maps used:
D:1:      lightli_arrival_lavapool
D:2:      vehumet_crystals
D:4:      gammafunk_temple_overflow_claw, nicolae_overflow_hidden_temple,
          nicolae_ru_great_annihilating_truth, serial_shops,
          nicolae_shop_overgrown_old_shop, first_ration

Skill      XL: |  1  2  3  4 |
---------------+-------------+-----
Polearms       | 4 |  4.0
Fighting       | 3 |  3.0
Charms         | 4 |  4.5
Spellcasting   | 3 |  3.2
Armour         | |  0.6
Dodging        | |  2.6

Action                   |  1- 3 |  4- 6 || total
-------------------------+-------+-------++-------
Melee: Spear             |   144 |   134 ||   278
 Cast: Infusion          |     6 |     6 ||    12
       Song of Slaying   |     1 |     2 ||     3
       Shroud of Golubri |     1 |     1 ||     2
  Use: Scroll            |     7 |     1 ||     8
       Potion            |       |     2 ||     2
 Stab: Sleeping          |     2 |     1 ||     3
  Eat: Chunk             |     2 |     5 ||     7
Armor: Leather armour    |    15 |    32 ||    47
Dodge: Dodged            |    40 |    36 ||    76
Block: Buckler           |    11 |    15 ||    26

Table legend:
 A = Non-vault XP
 B = Vault XP
 C = Vault XP percentage of total XP
 D = Non-vault monster count
 E = Vault monster count
 F = Vault count percentage of total count
                 A         B        C        D         E       F
            +---------+---------+-------+---------+---------+-------
      Total |     184 |       0 |   0.0 |      67 |       0 |   0.0
            +---------+---------+-------+---------+---------+-------
        D:1 |      41 |       0 |   0.0 |      21 |       0 |   0.0
        D:2 |      31 |       0 |   0.0 |      14 |       0 |   0.0
        D:3 |      56 |       0 |   0.0 |      24 |       0 |   0.0
        D:4 |      56 |       0 |   0.0 |       8 |       0 |   0.0
            +---------+---------+-------+---------+---------+-------
